 Dungeon Crawl Stone Soup version 0.32-a0-938-g40ac7a0f4d (webtiles) character file.

Game seed: 810578518897531753

3840 Daunt the Carver (level 9, -6/66 HPs)
             Began as a Coglin Gladiator on Apr 15, 2024.
             Was an Elder of Ru.
             Mangled by a hornet (11 damage)
             ... while paralysed by a hornet
             ... on level 9 of the Dungeon.
             The game lasted 00:25:27 (7897 turns).

Daunt the Carver (Coglin Gladiator)                 Turns: 7897, Time: 00:25:28

Health: -6/66      AC: 13    Str: 15    XL:     9   Next: 18%
Magic:  9/9        EV:  2    Int:  7    God:    Ru [****..]
Gold:   448        SH:  0    Dex: 20    Spells: 8/8 levels left

rFire   + . .        i - +1 long sword (protect) {Wu}
rCold   . . .        F - +2 long sword {Qiuyue}
rNeg    . . .        z - +2 leather armour {rF+}
rPois   .            c - +0 helmet
rElec   .            (no cloak)
rCorr   .            (no gloves)
SInv    .            (no boots)
Will    .....        (amulet unavailable)
Stlth   ++           (ring unavailable)
HPRegen 0.31/turn    (ring unavailable)
MPRegen 0.11/turn    (no gizmo)

%: no passive effects
@: paralysed, lethally poisoned (-6 -> -14), under a protective aura, slowed,
revving
A: inability to drink after injury 2, no fire magic, no alchemy magic, no
translocations magic, inexperienced 1, off-hand wielding, slow wielding, warmup
strikes, no jewellery
a: Invent Gizmo, Renounce Religion, Draw Out Power, Power Leap


You were on level 9 of the Dungeon.
You worshipped Ru.
Ru was greatly pleased with you.
You visited 2 branches of the dungeon, and saw 10 of its levels.

You collected 448 gold pieces.

Inventory:

Hand Weapons
 i - a +1 long sword of protection (weapon) {Wu}
 F - a +2 long sword (offhand) {Qiuyue}
Missiles
 d - 3 throwing nets (quivered)
 e - a javelin
 k - 58 stones
 m - 9 poisoned darts
Armour
 b - a +0 leather armour
 c - a +0 helmet (worn)
 v - a +0 scale mail
 z - a +2 leather armour of fire resistance (worn)
Wands
 f - a wand of paralysis (8)
 E - a wand of mindburst (30)
Scrolls
 j - a scroll of revelation {unknown}
 n - 3 scrolls of enchant weapon
 p - a scroll of noise {unknown}
 s - 2 scrolls of teleportation {unknown}
 t - 2 scrolls of enchant armour {unknown}
 x - a scroll of acquirement {unknown}
 y - 4 scrolls of summoning {unknown}
 B - a scroll of poison {unknown}
 C - a scroll of amnesia {unknown}
Potions
 a - a potion of cancellation {unknown}
 g - 2 potions of lignification
 h - a potion of curing
 l - 2 potions of attraction
 o - 4 potions of degeneration {unknown}
 q - 2 potions of mutation
 r - 2 potions of heal wounds
 u - 2 potions of enlightenment {unknown}
 w - 4 potions of might {unknown}
 A - 2 potions of haste {unknown}
 D - 2 potions of brilliance {unknown}


   Skills:
 + Level 4.4 Fighting
 * Level 11.1 Long Blades
 - Level 1.7 Throwing
 + Level 4.9 Armour
 + Level 5.7 Dodging
 - Level 2.0 Stealth
 * Level 3.1 Evocations


You had 8 spell levels left.
You didn't know any spells.
Your spell library contained the following spells:

 Spells                   Type           Power      Damage    Failure   Level
 Necrotise                Necr           0%         1d4       50%         1
 Summon Small Mammal      Summ           0%         N/A       50%         1
 Jinxbite                 Hex            0%         N/A       63%         2
 Arcjolt                  Conj/Air       0%         1d10      100%        5
 Maxwell's Capacitive Co  Air            0%         ∞         100%        8
 Apportation              Tloc           Unusable   N/A       N/A         1
 Sting                    Conj/Alch      Unusable   1d3       N/A         1
 Mercury Vapours          Alch/Air       Unusable   N/A       N/A         2
 Maxwell's Portable Pile  Tloc           Unusable   2d(5-13)  N/A         3
 Olgreb's Toxic Radiance  Alch           Unusable   N/A       N/A         4
 Alistair's Intoxication  Alch           Unusable   N/A       N/A         5

Dungeon Overview and Level Annotations

Branches:
Dungeon (9/15)             Temple (1/1) D:6
   Lair: D:8-11         Orc: D:9-12

Altars:
Ashenzari
Cheibriados
Fedhas
Gozag
Hepliaklqana
Kikubaaqudgha
Makhleb
Nemelex Xobeh
Okawaru
Qazlal
Ru
Sif Muna
Trog
Uskayaw
Vehumet
Wu Jian
Xom
Yredelemnul
Zin
The Shining One

Shops:
D:5 :

Annotations:
D:4 1 exclusion
D:6 Sigmund


Innate Abilities, Weirdness & Mutations

You sometimes lose the ability to drink potions when taking damage.
You cannot study or cast Fire magic.
You cannot study or cast Alchemy magic.
You cannot study or cast Translocations magic.
You are somewhat inexperienced. (-1 XL)
You can wield a second weapon in your off-hand.
It takes a long time for you to wield or remove held weapons.
Your first few attacks do less damage.
You cannot equip rings or amulets.


Message History

You suddenly lose the ability to move!
You feel very sick.
The hornet stings you but does no damage.
The hornet stings you!
You are lethally poisoned!
You feel as though you will be slow longer.
* * * LOW HITPOINT WARNING * * *
You feel extremely sick.
The hornet stings you but does no damage.
You can move again.
You feel better. The hornet stings you!
* * * LOW HITPOINT WARNING * * *
You feel as though you will be slow longer.
The hornet stings you.
* * * LOW HITPOINT WARNING * * *
You are lethally poisoned!
You feel as though you will be slow longer.
You feel better. The hornet stings you!
* * * LOW HITPOINT WARNING * * *
You shrug off the repeated paralysis!
The hornet misses you. The hornet stings you.
* * * LOW HITPOINT WARNING * * *
You are poisoned.
You feel as though you will be slow longer.
You feel better. The hornet barely misses you.
The hornet stings you but does no damage.
You hit the hornet but do no damage.
Your weapon exudes an aura of protection.
The hornet is heavily wounded.
You slash the hornet with your +2 long sword!
The hornet stings you!
* * * LOW HITPOINT WARNING * * *
You are lethally poisoned!
You suddenly lose the ability to move!
The hornet stings you but does no damage.
* * * LOW HITPOINT WARNING * * *
You feel very sick. The hornet stings you!
You die...
Ru respects your ultimate sacrifice.

### #.#
#@#
.......y#
........#
.........
........#
........#
........#
........#


You could see a hornet.

Vanquished Creatures
  Joseph (D:7)
  Prince Ribbit (D:5)
  Eustachio (D:6)
  3 steam dragons
  A water moccasin (D:7)
  2 sky beasts
  2 ice beasts
  A black bear (D:5)
  2 ogres
  2 centaurs (D:8)
  A phantom (D:7)
  A kobold brigand (D:7)
  A gnoll sergeant (D:8)
  A bullfrog (D:7)
  5 scorpions
  3 wights (D:8)
  A howler monkey (D:6)
  2 bombardier beetles
  2 gnoll boudas
  5 orc priests
  7 hounds
  3 sleepcaps
  3 iguanas
  7 orc wizards
  16 gnolls
  4 adders
  A shadow imp (Temple)
  2 white imps
  2 ufetubi (D:6)
  17 orcs
  7 bats
  9 endoplasms
  2 giant cockroaches
  7 goblins
  4 hobgoblins
  10 kobolds
  3 quokkas
  5 ball pythons
  6 frilled lizards
  5 rats
158 creatures vanquished.

Vanquished Creatures (others)
  A centaur (D:6)
  An orc (D:8)
2 creatures vanquished.

Grand Total: 160 creatures vanquished

Notes
Turn   | Place    | Note
-------+----------+-------------------------------------------
     0 | D:1      | Daunt the Coglin Gladiator began the quest for the Orb.
     0 | D:1      | Reached XP level 1. HP: 16/16 MP: 1/1
   199 | D:1      | Reached XP level 2. HP: 22/22 MP: 2/2
   421 | D:1      | Found a faded altar of an unknown god.
   428 | D:1      | Reached skill level 4 in Long Blades
   813 | D:2      | Found a sacrificial altar of Ru.
   829 | D:2      | Became a worshipper of Ru the Awakened
   886 | D:2      | Reached XP level 3. HP: 27/27 MP: 3/3
  1294 | D:2      | Reached XP level 4. HP: 30/33 MP: 4/4
  1297 | D:2      | Reached skill level 5 in Long Blades
  1634 | D:3      | Gained mutation: You occasionally lose the ability to drink
                  | potions when taking damage. [Ru sacrifice]
  1634 | D:3      | Gained mutation: You sometimes lose the ability to drink
                  | potions when taking damage. [Ru sacrifice]
  1634 | D:3      | Reached * piety under Ru
  2259 | D:4      | Noticed an ogre
  2285 | D:4      | Noticed a scorpion
  2292 | D:4      | Reached XP level 5. HP: 28/38 MP: 5/5
  2295 | D:4      | Reached skill level 6 in Long Blades
  2382 | D:4      | Found a radiant altar of Vehumet.
  2481 | D:4      | Reached XP level 6. HP: 44/44 MP: 6/6
  2493 | D:4      | Found an iron altar of Okawaru.
  2669 | D:3      | Reached skill level 7 in Long Blades
  3213 | D:5      | Entered Level 5 of the Dungeon
  3285 | D:5      | Reached XP level 7. HP: 33/50 MP: 7/7
  3372 | D:5      | Reached skill level 8 in Long Blades
  3533 | D:5      | Reached skill level 1 in Stealth
  3618 | D:5      | Reached skill level 1 in Armour
  3624 | D:5      | Noticed Prince Ribbit
  3762 | D:5      | Found Aptutam's Book Boutique.
  4278 | D:5      | Reached XP level 8. HP: 56/56 MP: 8/8
  4858 | D:6      | Gained mutation: You cannot study or cast Fire magic. [Ru
                  | sacrifice]
  4858 | D:6      | Gained mutation: You cannot study or cast Alchemy magic.
                  | [Ru sacrifice]
  4858 | D:6      | Gained mutation: You cannot study or cast Translocations
                  | magic. [Ru sacrifice]
  4858 | D:6      | Reached ** piety under Ru
  4867 | D:6      | Reached skill level 9 in Long Blades
  4893 | D:6      | Found a staircase to the Ecumenical Temple.
  4946 | Temple   | Entered the Ecumenical Temple
  5243 | D:6      | Noticed Sigmund
  5312 | D:6      | Noticed Eustachio
  5335 | D:6      | Killed Eustachio
  5526 | D:6      | Reached XP level 9. HP: 45/61 MP: 9/9
  5593 | D:5      | Killed Prince Ribbit
  5594 | D:5      | Reached skill level 10 in Long Blades
  6260 | D:7      | Found a shimmering blue altar of Sif Muna.
  6302 | D:7      | Noticed Joseph
  6316 | D:7      | Reached skill level 5 in Dodging
  6630 | D:7      | Killed Joseph
  7181 | D:8      | Reached skill level 11 in Long Blades
  7181 | D:8      | Reached skill level 1 in Evocations
  7181 | D:8      | Reached XP level 10. HP: 63/71 MP: 10/10
  7642 | D:8      | Gained mutation: You are somewhat inexperienced. (-1 XL)
                  | [Ru sacrifice]
  7642 | D:8      | Reached XP level 9. HP: 66/66 MP: 9/9
  7642 | D:8      | Reached *** piety under Ru
  7642 | D:8      | Reached **** piety under Ru
  7890 | D:9      | Paralysed by a hornet for 3 turns
  7896 | D:9      | Paralysed by a hornet for 2 turns
  7897 | D:9      | Mangled by a hornet

Illustrated notes

Levels and vault maps discovered:
D:1:      minmay_arrival_radiant_lines, layout_basic,
          chequers_ecumenical_altar_simple, minmay_hedge_maze
D:2:      layout_loops_ring, basic_altar
D:3:      layout_loops_cross
D:4:      layout_loops_ring, nicolae_vehumet_altar_sigil,
          kennysheep_okawaru_gauntlet
D:5:      layout_cave_pods, serial_shops, nicolae_shop_just_a_little_nook,
          corexii_hall_statues_x, uniq_prince_ribbit1
D:6:      layout_cave_pools, minmay_temple_entry_gardened_gates,
          feat_on_display, uniq_eustachio, uniq_sigmund
D:7:      layout_basic, hellmonk_sif_muna_bookshelves, uniq_joseph
D:8:      layout_basic
D:9:      layout_basic, mainiacjoe_overflow_cross_hatched,
          mainiacjoe_overflow_small_starburst, erik_lair_dragon
Temple:   nicolae_temple_bog_church

Skill      XL: |  1  2  3  4  5  6  7  8  9 10 |
---------------+-------------------------------+-----
Long Blades    | 4 5 6 7 8 9 11 | 11.1
Stealth        | 2 |  2.0
Dodging        | 3 4 5 |  5.7
Armour         | 1 3 4 |  4.9
Fighting       | 4 |  4.4
Evocations     | 3 2 |  3.1
Throwing       | |  1.7

Action                     |  1- 3 |  4- 6 |  7- 9 | 10-12 || total
---------------------------+-------+-------+-------+-------++-------
  Melee: Long sword        |    79 |    82 |   447 |    52 ||   660
         Dagger            |    76 |    12 |       |       ||    88
         Falchion          |       |    51 |       |       ||    51
 Invoke: Sacrifice Drink   |       |     1 |       |       ||     1
         Sacrifice Arcana  |       |       |     1 |       ||     1
         Sacrifice Experie |       |       |     1 |       ||     1
    Use: Potion            |       |     1 |     3 |       ||     4
         Scroll            |       |       |     4 |     1 ||     5
   Stab: Sleeping          |     2 |     2 |     1 |       ||     5
         Invisible         |       |       |     3 |       ||     3
 Armour: Leather armour    |    58 |    38 |    89 |    26 ||   211
         Scale mail        |       |       |    89 |       ||    89
  Dodge: Dodged            |    57 |    41 |   129 |    19 ||   246

Table legend: (Time is in decaauts)
 A = Elapsed time spent in this place.
 B = Non-inter-level travel time spent in this place.
 C = Inter-level travel time spent in this place.
 D = Time resting spent in this place.
 E = Time spent auto-exploring this place.
 F = Levels seen in this place.
 G = Mean time per level.
                   A        B        C        D        E       F      G
               +--------+--------+--------+--------+--------+-----+--------+
         Total |   7894 |   7462 |    432 |    158 |   5583 |  10 |  789.4 |
       Dungeon |   7738 |   7306 |    432 |    108 |   5493 |   9 |  859.8 |
        Temple |    156 |    156 |      0 |     50 |     90 |   1 |  156.0 |
               +--------+--------+--------+--------+--------+-----+--------+

Top non-repeatable levels by time:
     D:5: 1470 daAuts
     D:4: 1158 daAuts
     D:7: 995 daAuts
     D:8: 986 daAuts
     D:1: 860 daAuts
     D:6: 823 daAuts
     D:3: 798 daAuts
     D:2: 631 daAuts
  Temple: 156 daAuts
     D:9: 14 daAuts
